[Event "4th Batumi Cup 2018"]
[Site "Batumi"]
[Date "2018.07.09"]
[Round "8"]
[White "Sanchez, Louis"]
[Black "Garayev, Kanan"]
[Result "0-1"]
[ECO "A05"]
[WhiteElo "2290"]
[BlackElo "2300"]
[Annotator "NA"]
[PlyCount "75"]
[EventDate "2018.07.03"]
[EventType "swiss"]
[EventCountry "GEO"]
[SourceTitle "playchess.com"]
[Source "ChessBase"]
[SourceQuality "1"]
[TimeControl "40/5400+30:1800+30"]

1. Nf3 Nf6 2. g3 b5 3. Na3 a6 4. c4 b4 5. Nc2 c5 6. a3 bxa3 7. b3 Nc6 8. Bg2 Rb8 9. Rxa3 e6 10. Bb2 Be7 11. Qa1 O-O 12. Ne5 Nxe5 13. Bxe5 d6 14. Bc3 d5 15. Be5 Rb6 16. d3 d4 17. Bf4 Bd6 18. Bd2 Qe7 19. O-O e5 20. e4 Ne8 21. Qd1 f5 22. Bh3 Qb7 23. exf5 Bxf5 24. Bxf5 Rxf5 25. Ne1 Bb8 26. f3 Rf8 27. Rf2 Rbf6 28. Qe2 Nd6 29. g4 e4 30. dxe4 Nxe4 31. Rg2 Nxd2 32. Qxd2 Bf4 33. Qd1 Re6 34. Raa2 Re3 35. Rab2 Rc3 36. Rgc2 Rxb3 37. Nd3 Be3+ 38. Rf2 0-1

[Event "4th Batumi Cup 2018"]
[Site "Batumi"]
[Date "2018.07.09"]
[Round "8"]
[White "Akhvlediani, Irakli"]
[Black "Martynov, Roman"]
[Result "1-0"]
[ECO "E06"]
[WhiteElo "2264"]
[BlackElo "2366"]
[Annotator "NA"]
[PlyCount "85"]
[EventDate "2018.07.03"]
[EventType "swiss"]
[EventCountry "GEO"]
[SourceTitle "playchess.com"]
[Source "ChessBase"]
[SourceQuality "1"]
[TimeControl "40/5400+30:1800+30"]

1. d4 {[%emt 0:00:00] Ftacnik,L} Nf6 2. c4 e6 3. Nf3 b6 4. g3 Bb7 5. Bg2 Bb4+ 6. Bd2 Be7 7. O-O c6 8. Qc2 d5 9. Bf4 O-O 10. Rd1 Na6 11. b3 {[%emt 0:10:23] E06: Closed Catalan: Early deviations} c5 12. Nc3 Qc8 13. cxd5 {[%emt 0:16:01] [#]} Nb4 $146 ({Predecessor:} 13... exd5 14. Rac1 Rd8 15. Qb1 h6 16. Ne5 Qe6 17. Be3 cxd4 18. Bxd4 Ba3 19. Rc2 Bc5 20. Bxc5 Nxc5 21. Nf3 Nfe4 {1-0 (44) Tkachiev,V (2642)-Sokolov,I (2659) Shanghai 2001 CBM 085 [Ftacnik,L]}) 14. Qd2 Nbxd5 15. Nxd5 Bxd5 16. dxc5 Bxc5 17. Qb2 Ng4 18. e3 Qb7 19. Ne1 Bxg2 20. Nxg2 Rfd8 21. Qe2 Nf6 22. Be5 Ne4 23. Bb2 Ng5 24. Qg4 Nf3+ 25. Kh1 Bf8 26. h4 Rac8 27. e4 Nd2 28. Re1 Rd3 29. h5 h6 $17 30. Qe2 Rcd8 31. Rad1 f5 32. exf5 exf5 33. Qe6+ Qf7 34. Qxf7+ Kxf7 35. Nf4 R3d7 36. Ng6 Kg8 37. Re5 Ne4 38. Rxd7 Rxd7 39. Re8 Rf7 40. Ba3 Nc5 41. Kg2 Nd7 42. Kf3 Rf6 43. Nxf8 1-0

[Event "4th Batumi Cup 2018"]
[Site "Batumi"]
[Date "2018.07.09"]
[Round "8"]
[White "Khomeriki, Nino"]
[Black "Pogosyan, Stefan"]
[Result "1-0"]
[ECO "E14"]
[WhiteElo "2257"]
[BlackElo "2356"]
[Annotator "NA"]
[PlyCount "95"]
[EventDate "2018.07.03"]
[EventType "swiss"]
[EventCountry "GEO"]
[SourceTitle "playchess.com"]
[Source "ChessBase"]
[SourceQuality "1"]
[TimeControl "40/5400+30:1800+30"]

1. d4 Nf6 2. Nf3 e6 3. e3 c5 4. Bd3 b6 5. O-O Bb7 6. b3 Be7 7. Bb2 O-O 8. c4 cxd4 9. exd4 d6 10. Nc3 Nbd7 11. d5 e5 12. Nd2 {[%emt 0:00:00] E14: Queen's Indian: Classical Variation (4 e3)} a6 (12... g6 13. f4 exf4 14. Rxf4 Ne5 15. Be2 Nfd7 16. Rf1 a6 17. Kh1 Re8 18. Nde4 f5 19. Nf2 Nf6 20. Qd2 Bf8 21. Rae1 Bg7 22. a4 Bc8 23. Na2 {½-½ (23) Finegold,B (2493)-Sachdev,T (2431) Saint Louis 2016}) 13. a4 g6 $146 ({Predecessor:} 13... Nc5 14. Bc2 a5 15. f4 Nfd7 16. Nb5 exf4 17. Rxf4 Bf6 18. Qh5 g6 19. Bxf6 Nxf6 20. Qh6 Nh5 21. Nf3 f6 22. Rg4 Ng7 23. Rh4 Kf7 24. Rf1 Rb8 25. Bxg6+ {1-0 (25) Niklasson,C (2380)-Jansson,B (2380) Stockholm 1977}) 14. g3 Nc5 15. Bc2 Bc8 16. b4 Nb7 17. Nb3 Bh3 18. Re1 a5 19. bxa5 bxa5 20. Nb5 Ng4 21. Be4 Qb6 (21... Nxf2 $5 22. Kxf2 Qb6+ 23. Ke2 f5 $11) 22. Qe2 f5 23. Bg2 Bxg2 24. Kxg2 h5 {[%emt 0:02:19] [#]} 25. f3 ({White should try} 25. Bd4 $1 $18 Qd8 (25... exd4 26. Qxe7) 26. f3) 25... Nf6 26. f4 (26. N3d4 $16) 26... Rae8 27. Qe3 Qxe3 28. Rxe3 Ne4 29. fxe5 Bg5 30. Re2 dxe5 31. Nc7 Rc8 32. Ne6 Rfe8 33. c5 ({Much less strong is} 33. Bxe5 Rxc4 34. Raa2 Be7 $11) 33... Rxe6 34. dxe6 Nbxc5 35. Nxc5 Rxc5 36. Rd1 Kg7 37. Rd7+ (37. h4 $142 Be7 38. Rd7) 37... Kf6 38. e7 Kf7 {[%emt 0:00:06] [#]} 39. Ra7 $1 Bd2 40. Rxd2 Nxd2 41. Ra8 Kxe7 42. Ba3 Nb3 43. Bxc5+ Nxc5 44. Rxa5 Kd6 45. Ra8 g5 $18 46. a5 Kc6 47. a6 Ne4 48. Rb8 1-0

[Event "4th Batumi Cup 2018"]
[Site "Batumi"]
[Date "2018.07.09"]
[Round "8"]
[White "Primbetov, Kazbek"]
[Black "Bashirov, Teymur"]
[Result "1/2-1/2"]
[ECO "C48"]
[WhiteElo "2257"]
[BlackElo "2379"]
[Annotator "NA"]
[PlyCount "64"]
[EventDate "2018.07.03"]
[EventType "swiss"]
[EventCountry "GEO"]
[SourceTitle "playchess.com"]
[Source "ChessBase"]
[SourceQuality "1"]
[TimeControl "40/5400+30:1800+30"]

1. e4 e5 2. Nf3 Nf6 3. Nc3 Nc6 4. Bb5 Bc5 5. Nxe5 Nxe5 6. d4 Bd6 7. f4 Neg4 {[%emt 0:00:06] C48: Four Knights: 4 Bb5, replies other than 4...Bb4} 8. e5 Bb4 9. O-O O-O 10. a3 Bxc3 11. bxc3 d5 12. f5 c6 13. Bd3 Qa5 14. Bd2 Re8 {[%emt 0:03:09] [#]} 15. exf6 $146 ({Predecessor:} 15. Qf3 Ne4 16. Qxg4 Nxd2 {½-½ (41) Evtushenko,S (2542)-Romm,M (2445) ICCF email 2014}) 15... Nxf6 16. g4 h6 17. h4 Ne4 18. g5 hxg5 19. hxg5 g6 20. f6 c5 21. Kg2 cxd4 {[%emt 0:12:27] [#]} 22. Rh1 $2 ({Avoid the trap} 22. Bxe4 $2 Rxe4 23. Bf4 Bf5 $19) ({White has to play} 22. Rf4 $1 $16 Nxd2 23. Qxd2 Qxc3 24. Qxc3 dxc3 25. Rh1) 22... Qc7 {[%emt 0:00:12] [#]} 23. Qf3 $2 (23. Rh8+ $3 $11 Kxh8 24. Qh1+ Kg8 25. Bxe4) 23... Nxd2 24. Qf2 Bg4 25. Rh6 Bh5 26. Rh1 Re3 ({Inferior is} 26... dxc3 27. R1xh5 Qg3+ 28. Qxg3 Re2+ 29. Bxe2 gxh5 30. g6 Re8 {[#]} 31. Qb8 $1 Rxb8 32. g7 Re8 33. Rh8#) (26... Re4 $11 27. Bxe4 Nxe4 28. R1xh5 gxh5) 27. R1xh5 gxh5 28. g6 Qe5 29. gxf7+ Kxf7 30. Rh7+ Kf8 $11 ({Much less strong is} 30... Kg8 31. Rg7+ Kf8 32. cxd4 $19) (30... Ke6 $19 31. Re7+ Kd6 32. Rxe5 Rg8+ 33. Kh2 Nf3+ 34. Qxf3 Rxf3 35. cxd4 Rxf6 36. Rxh5 Rf4 37. Rh6+ Kc7 38. Rh7+ Kb6 39. Rh6+ Ka5) 31. Rh8+ Kf7 32. Rh7+ Kf8 1/2-1/2

[Event "4th Batumi Cup 2018"]
[Site "Batumi"]
[Date "2018.07.09"]
[Round "8"]
[White "Martynyuk, Elizaveta"]
[Black "Stepanyan, Eva"]
[Result "0-1"]
[ECO "B13"]
[WhiteElo "2182"]
[BlackElo "2096"]
[Annotator "NA"]
[PlyCount "63"]
[EventDate "2018.07.03"]
[EventType "swiss"]
[EventCountry "GEO"]
[SourceTitle "playchess.com"]
[Source "ChessBase"]
[SourceQuality "1"]
[TimeControl "40/5400+30:1800+30"]

1. e4 c6 2. Nc3 d5 3. Nf3 Nf6 4. exd5 cxd5 5. d4 Nc6 6. h3 {[%emt 0:03:14] B13: Caro-Kann: Exchange Variation and Panov-Botvinnik Attack} (6. Bf4 Bf5 {½-½ (6) Sumets,A (2579)-Savchenko,S (2508) Tipaza 2011}) 6... Bf5 7. Bd3 Bxd3 8. Qxd3 e6 9. O-O Bd6 10. Bg5 h6 11. Bh4 O-O $146 ({Predecessor:} 11... g5 12. Bg3 Bxg3 13. fxg3 Nh5 {1-0 (23) Ortiz Rodriguez,S-Palomares,D Neiva 2011}) 12. Rae1 Be7 13. Ne5 Nd7 14. Nxc6 bxc6 15. Bxe7 Qxe7 16. f4 Qb4 17. Kh1 c5 18. dxc5 Nxc5 19. Qg3 $17 Qxb2 20. f5 Qxc2 21. Rf4 Nd3 22. f6 g6 23. Rh4 Nxe1 24. Qxe1 Rfc8 25. Ne2 Rab8 26. Qf2 Rb1+ 27. Kh2 Qd2 28. Qf3 Qg5 29. Rg4 Qe5+ 30. Rf4 Rc4 31. Qg4 Rxf4 32. Nxf4 0-1

[Event "4th Batumi Cup 2018"]
[Site "Batumi"]
[Date "2018.07.09"]
[Round "8"]
[White "Eynullayev, Altay"]
[Black "Mammadova, Narmin"]
[Result "0-1"]
[ECO "B12"]
[WhiteElo "2134"]
[BlackElo "2209"]
[Annotator "NA"]
[PlyCount "108"]
[EventDate "2018.07.03"]
[EventType "swiss"]
[EventCountry "GEO"]
[SourceTitle "playchess.com"]
[Source "ChessBase"]
[SourceQuality "1"]
[TimeControl "40/5400+30:1800+30"]

1. e4 c6 2. d4 d5 3. f3 e6 4. Nc3 Bb4 5. Bf4 Nf6 {[%emt 0:01:09] B12: Caro-Kann (Vorstoß-Variante)} (5... Ne7 6. Qd3 b6 7. Nge2 Ba6 8. Qe3 Nd7 9. a3 Bxc3+ 10. Nxc3 Bxf1 11. Rxf1 O-O 12. Kf2 dxe4 13. fxe4 {½-½ (54) Kuzmicz,K (2460)-Rodshtein,M (2699) Katowice 2017}) 6. Qd3 O-O 7. Nge2 b6 8. O-O-O a5 9. h4 a4 $146 ({Vorgänger:} 9... b5 10. h5 Be7 11. g4 Nfd7 12. Qe3 Nb6 13. g5 b4 14. Nb1 Nc4 {0-1 (33) Saunina,L (2282)-Ushenina,A (2347) St Petersburg 2004}) 10. h5 Be7 11. g4 Nfd7 12. g5 (12. exd5 $14 cxd5 13. a3) 12... Bxg5 13. Bxg5 Qxg5+ 14. f4 Qh6 15. Bh3 Ba6 16. Qf3 dxe4 17. Qxe4 Nf6 18. Qe3 Nd5 19. Qf3 Nd7 20. Rhg1 f5 21. Rg5 Qf6 22. Ng3 (22. Nxd5 $15 cxd5 23. a3) 22... Bc4 23. h6 {[%emt 0:10:01] [#]} g6 $1 ({Not} 23... Qxh6 24. Rh1 $11) 24. Kb1 Kh8 25. Nce2 $2 (25. Nxd5 Bxd5 26. Qe3) 25... Bxe2 26. Nxe2 b5 27. Bf1 Qe7 28. Nc1 Qd6 29. Nd3 a3 30. Ne5 Nxe5 31. fxe5 Qb4 32. Qb3 Qe7 33. Rg3 axb2 34. Bg2 b4 35. Bxd5 Ra3 $19 (35... exd5 $2 36. Qxb2 Ra4 37. Rb3 $19) 36. Qxb2 Rxg3 37. Bxc6 Rc3 38. d5 exd5 39. Bxd5 Qxe5 40. Qxb4 Rb8 41. Bb3 Rcc8 42. Qd2 Qf6 43. Re1 Rd8 44. Qe2 g5 45. Qh5 f4 46. Rf1 Rf8 47. Qf3 Qxh6 48. Rh1 Qg7 49. Qd3 f3 50. a4 Rb7 51. Rf1 f2 52. Qe2 Re7 53. Qd2 Re1+ 54. Rxe1 f1=Q 0-1

[Event "4th Batumi Cup 2018"]
[Site "Batumi"]
[Date "2018.07.10"]
[Round "9"]
[White "Jumabayev, Rinat"]
[Black "Sindarov, Javokhir"]
[Result "0-1"]
[ECO "E62"]
[WhiteElo "2594"]
[BlackElo "2474"]
[Annotator "ChessBase"]
[PlyCount "106"]
[EventDate "2018.07.03"]
[EventType "swiss"]
[EventCountry "GEO"]
[SourceTitle "playchess.com"]
[Source "ChessBase"]
[SourceQuality "1"]
[TimeControl "40/5400+30:1800+30"]

1. Nf3 Nf6 2. c4 g6 3. d4 Bg7 4. g3 O-O 5. Bg2 d6 6. Nc3 Nc6 7. O-O Bg4 8. d5 Na5 9. b3 c5 10. dxc6 bxc6 11. Bg5 h6 12. Be3 c5 13. Qd2 Kh7 14. h3 Bd7 15. Rfd1 Nc6 16. Rac1 Rb8 17. Nh4 Nb4 18. f4 Bc6 19. Bf2 Bxg2 20. Kxg2 Qd7 21. e4 Nxe4 22. Nxe4 Qb7 23. Qe2 f5 24. a3 Na6 25. Rd5 Nc7 26. Rcd1 Nxd5 27. cxd5 Qxb3 28. Nd2 Qxd5+ 29. Nhf3 Rb7 30. Nc4 Qe4 31. Qf1 Bc3 32. Rc1 Rb3 33. Be1 Bf6 34. Ncd2 Rb2 35. Qa6 Rfb8 36. Kf1 Qd5 37. Qc4 Qxc4+ 38. Nxc4 Ra2 39. Nfd2 Bd4 40. Nf3 Bf6 41. Nfd2 Rb5 42. Ke2 d5 43. Ne3 c4 44. Nc2 a6 45. Kd1 Bb2 46. Rb1 Bxa3 47. Rxb5 axb5 48. Nb1 Bb2 49. Nb4 Ra8 50. Kc2 Bg7 51. Nxd5 Ra2+ 52. Kd1 Rb2 53. Na3 Rb3 0-1

[Event "4th Batumi Cup 2018"]
[Site "Batumi"]
[Date "2018.07.10"]
[Round "9"]
[White "Levin, Evgeny A"]
[Black "Akhvlediani, Irakli"]
[Result "1/2-1/2"]
[ECO "E99"]
[WhiteElo "2539"]
[BlackElo "2264"]
[Annotator "ChessBase"]
[PlyCount "47"]
[EventDate "2018.07.03"]
[EventType "swiss"]
[EventCountry "GEO"]
[SourceTitle "playchess.com"]
[Source "ChessBase"]
[SourceQuality "1"]
[TimeControl "40/5400+30:1800+30"]

1. d4 Nf6 2. c4 g6 3. Nc3 Bg7 4. e4 O-O 5. Nf3 d6 6. Be2 e5 7. O-O Nc6 8. d5 Ne7 9. Ne1 Nd7 10. f3 f5 11. g4 Kh8 12. Kg2 Ng8 13. Be3 Bh6 14. Bf2 Bg5 15. Nd3 Bh4 16. Bxh4 Qxh4 17. Qe1 Qe7 18. h4 fxg4 19. fxg4 Rxf1 20. Kxf1 g5 21. h5 Ndf6 22. Qg3 Nh6 23. Nf2 Bd7 24. Kg2 1/2-1/2

[Event "4th Batumi Cup 2018"]
[Site "Batumi"]
[Date "2018.07.10"]
[Round "9"]
[White "Sanikidze, Tornike"]
[Black "Quparadze, Giga"]
[Result "0-1"]
[ECO "E13"]
[WhiteElo "2512"]
[BlackElo "2503"]
[Annotator "RC"]
[PlyCount "72"]
[EventDate "2018.07.03"]
[EventType "swiss"]
[EventCountry "GEO"]
[SourceTitle "playchess.com"]
[Source "ChessBase"]
[SourceQuality "1"]
[TimeControl "40/5400+30:1800+30"]

1. d4 Nf6 2. c4 e6 3. Nf3 b6 4. Nc3 Bb4 5. Bg5 Bb7 6. Nd2 h6 7. Bh4 Nc6 8. d5 Ne5 9. e4 Ng6 10. Bg3 e5 11. Rc1 O-O 12. a3 Bxc3 13. Rxc3 d6 14. Bd3 Nf4 15. O-O Qe7 16. b4 a5 17. Qb1 g5 18. f3 h5 19. Bf2 h4 20. Rfc1 axb4 21. axb4 Nxd3 22. Qxd3 Nh5 23. g3 hxg3 24. hxg3 Qd7 25. Kg2 Kg7 26. c5 Rh8 27. Rh1 Nf4+ 28. gxf4 Rxh1 29. f5 Rah8 30. Bg3 Qa4 31. Qe3 Qd1 32. cxd6 cxd6 33. Rc7 R1h5 34. Nf1 Ba6 35. Qf2 Bxf1+ 36. Qxf1 Rh2+ 0-1

[Event "4th Batumi Cup 2018"]
[Site "Batumi"]
[Date "2018.07.10"]
[Round "9"]
[White "Nigmatov, Ortik"]
[Black "Tutisani, Noe"]
[Result "0-1"]
[ECO "C55"]
[WhiteElo "2461"]
[BlackElo "2469"]
[Annotator "ChessBase"]
[PlyCount "50"]
[EventDate "2018.07.03"]
[EventType "swiss"]
[EventCountry "GEO"]
[SourceTitle "playchess.com"]
[Source "ChessBase"]
[SourceQuality "1"]
[TimeControl "40/5400+30:1800+30"]

1. e4 e5 2. Nf3 Nc6 3. Bc4 Nf6 4. d3 h6 5. c3 d6 6. Nbd2 g6 7. O-O Bg7 8. h3 O-O 9. Bb3 Nd7 10. Nc4 Nc5 11. Bc2 Ne6 12. Re1 f5 13. Ne3 f4 14. Nd5 a5 15. Bb3 Nb8 16. c4 Nc6 17. Nc3 Ncd4 18. Nxd4 exd4 19. Ne2 f3 20. gxf3 a4 21. Bxa4 Ng5 22. Bxg5 Qxg5+ 23. Ng3 Bxh3 24. Kh2 Qh4 25. Rh1 Rxa4 0-1

[Event "4th Batumi Cup 2018"]
[Site "Batumi"]
[Date "2018.07.10"]
[Round "9"]
[White "Pogosyan, Stefan"]
[Black "Bashirov, Teymur"]
[Result "1-0"]
[ECO "A13"]
[WhiteElo "2356"]
[BlackElo "2379"]
[Annotator "NA"]
[PlyCount "65"]
[EventDate "2018.07.03"]
[EventType "swiss"]
[EventCountry "GEO"]
[SourceTitle "playchess.com"]
[Source "ChessBase"]
[SourceQuality "1"]
[TimeControl "40/5400+30:1800+30"]

1. Nf3 Nf6 2. b3 e6 3. Bb2 d5 4. e3 b6 5. c4 Bb7 6. Be2 Bd6 7. O-O Nbd7 8. Nc3 a6 9. d4 O-O 10. Rc1 Qe7 11. Qc2 Rac8 12. Bd3 c5 13. cxd5 exd5 14. Qe2 $11 Ra8 15. Rfd1 Rfd8 16. Bf5 Ne4 17. Na4 Nef6 18. dxc5 bxc5 19. Qc2 g6 20. Bh3 d4 21. exd4 Bxf3 22. gxf3 Nh5 23. dxc5 Bf4 24. c6 Qg5+ 25. Kf1 Qh4 26. Bxd7 Qxh2 27. Qc3 Ng3+ 28. fxg3 Qh1+ 29. Ke2 Re8+ 30. Bxe8 Rxe8+ 31. Kd3 Re3+ 32. Kc4 Rxc3+ 33. Bxc3 1-0

[Event "4th Batumi Cup 2018"]
[Site "Batumi"]
[Date "2018.07.10"]
[Round "9"]
[White "Lomsadze, Davit"]
[Black "Mgeladze, Tamaz"]
[Result "0-1"]
[ECO "B78"]
[WhiteElo "2348"]
[BlackElo "2374"]
[Annotator "NA"]
[PlyCount "49"]
[EventDate "2018.07.03"]
[EventType "swiss"]
[EventCountry "GEO"]
[SourceTitle "playchess.com"]
[Source "ChessBase"]
[SourceQuality "1"]
[TimeControl "40/5400+30:1800+30"]

1. e4 c5 2. Nf3 d6 3. d4 cxd4 4. Nxd4 Nf6 5. Nc3 g6 6. Be3 Bg7 7. f3 Nc6 8. Qd2 O-O 9. O-O-O Bd7 10. Bc4 Ne5 11. Bb3 Rc8 12. Kb1 $14 {[%emt 0:01:56] LiveBook: 695 Partien} Nc4 13. Bxc4 Rxc4 14. g4 b5 15. h4 b4 16. Nce2 Qc7 17. Bh6 Bxh6 18. Qxh6 e5 19. Nb3 Rxc2 20. Rd2 Rc8 21. Qe3 Bb5 22. Na1 Rxd2 23. Qxd2 Qc4 24. Nc1 Nxe4 25. Qd1 0-1

[Event "4th Batumi Cup 2018"]
[Site "Batumi"]
[Date "2018.07.10"]
[Round "9"]
[White "Gvetadze, Sofio"]
[Black "Sattarov, Bobir"]
[Result "1-0"]
[ECO "B55"]
[WhiteElo "2316"]
[BlackElo "2328"]
[Annotator "NA"]
[PlyCount "71"]
[EventDate "2018.07.03"]
[EventType "swiss"]
[EventCountry "GEO"]
[SourceTitle "playchess.com"]
[Source "ChessBase"]
[SourceQuality "1"]
[TimeControl "40/5400+30:1800+30"]

1. e4 c5 2. Nf3 d6 3. d4 cxd4 4. Nxd4 Nf6 5. f3 e5 6. Nb3 d5 7. Bg5 Be6 8. Bxf6 gxf6 9. exd5 Bxd5 10. Nc3 Bb4 11. Qd3 Bxc3+ 12. Qxc3 Bc6 13. Bd3 O-O 14. Qb4 f5 15. Bxf5 Qg5 16. Qg4 Qxg4 17. Bxg4 f5 18. Bh3 Nd7 19. Na5 Rac8 20. O-O-O Nb6 21. Rhe1 Rce8 22. Nxc6 bxc6 23. Rd6 Nd5 24. Rxc6 Nf4 25. Rc5 Nxh3 26. gxh3 e4 27. fxe4 fxe4 28. Rg5+ Kh8 29. Rg4 Rf2 30. Rgxe4 Rxe4 31. Rxe4 Rxh2 32. Re3 h5 33. b4 Kg7 34. a4 Kf6 35. b5 Kf5 36. a5 1-0

[Event "4th Batumi Cup 2018"]
[Site "Batumi"]
[Date "2018.07.10"]
[Round "9"]
[White "Garayev, Kanan"]
[Black "Pourramezanali, Amirreza"]
[Result "1/2-1/2"]
[ECO "A41"]
[WhiteElo "2300"]
[BlackElo "2537"]
[Annotator "ChessBase"]
[PlyCount "57"]
[EventDate "2018.07.03"]
[EventType "swiss"]
[EventCountry "GEO"]
[SourceTitle "playchess.com"]
[Source "ChessBase"]
[SourceQuality "1"]
[TimeControl "40/5400+30:1800+30"]

1. d4 g6 2. c4 Bg7 3. Nc3 d6 4. Nf3 Bg4 5. e3 e5 6. Be2 exd4 7. Nxd4 Bxe2 8. Ndxe2 Ne7 9. e4 Nbc6 10. O-O O-O 11. Be3 f5 12. c5 fxe4 13. cxd6 cxd6 14. Nxe4 d5 15. Nc5 Qc8 16. Nd4 Bxd4 17. Bxd4 Nf5 18. Nb3 Re8 19. Bc3 Qe6 20. Re1 Qf7 21. Qd3 d4 22. Bd2 Ne5 23. Qe4 Nc4 24. Qc2 Qd5 25. Rxe8+ Rxe8 26. Re1 Rxe1+ 27. Bxe1 d3 28. Qc3 b5 29. Nd2 1/2-1/2

[Event "4th Batumi Cup 2018"]
[Site "Batumi"]
[Date "2018.07.10"]
[Round "9"]
[White "Primbetov, Kazbek"]
[Black "Al Hosani, Omran"]
[Result "1-0"]
[ECO "B23"]
[WhiteElo "2257"]
[BlackElo "2089"]
[Annotator "NA"]
[PlyCount "87"]
[EventDate "2018.07.03"]
[EventType "swiss"]
[EventCountry "GEO"]
[SourceTitle "playchess.com"]
[Source "ChessBase"]
[SourceQuality "1"]
[TimeControl "40/5400+30:1800+30"]

1. e4 c5 2. Nc3 a6 3. f4 b5 4. g3 Bb7 5. Bg2 e6 6. d3 d5 7. Qe2 Nc6 8. Nf3 Nd4 $11 {[%emt 0:00:42] LiveBook: 8 Games} 9. Nxd4 cxd4 10. Nd1 dxe4 11. dxe4 Qb6 12. Nf2 Nf6 13. O-O Rc8 14. Rd1 Be7 15. b3 Bb4 16. g4 Qc7 17. g5 Nd7 18. Bb2 Bc3 19. Bxc3 Qxc3 20. Qd2 e5 21. Bh3 Qxc2 22. Qb4 Qc7 23. Nd3 Bxe4 24. Rac1 Bc6 25. Re1 a5 26. Bxd7+ Bxd7 27. Qxd4 Qb8 28. Rxe5+ Kd8 29. Nc5 Rc7 30. Rd5 Qa7 31. Rd1 Kc8 32. Nxd7 Qxd4+ 33. R1xd4 Rc1+ 34. Kg2 Rc2+ 35. Rd2 Rxd2+ 36. Rxd2 h6 37. Ne5 hxg5 38. Nxf7 Rf8 39. Nd6+ Kc7 40. fxg5 Kc6 41. h4 Rf4 42. Kg3 Rf1 43. Ne4 a4 44. Rd6+ 1-0

[Event "4th Batumi Cup 2018"]
[Site "Batumi"]
[Date "2018.07.10"]
[Round "9"]
[White "Martynyuk, Elizaveta"]
[Black "Eynullayev, Altay"]
[Result "0-1"]
[ECO "C01"]
[WhiteElo "2182"]
[BlackElo "2134"]
[Annotator "NA"]
[PlyCount "62"]
[EventDate "2018.07.03"]
[EventType "swiss"]
[EventCountry "GEO"]
[SourceTitle "playchess.com"]
[Source "ChessBase"]
[SourceQuality "1"]
[TimeControl "40/5400+30:1800+30"]

1. e4 e6 2. d4 d5 3. Nc3 Bb4 4. exd5 exd5 5. Bd3 Nc6 6. Nge2 Nge7 7. O-O O-O 8. a3 Ba5 9. h3 Bf5 10. Be3 Qd7 11. Ng3 Bxd3 12. Qxd3 Bxc3 13. Qxc3 Ng6 14. Ne2 Nce7 15. Rae1 Rae8 16. Bd2 Nf5 17. Qd3 Re4 18. f3 Re7 19. Bb4 Re3 20. Qd2 Rfe8 21. Kf2 Qd8 22. Qd1 Qh4+ 23. Kg1 h6 24. Bd2 R3e6 25. c3 Ne3 26. Bxe3 Rxe3 27. Qd2 Nf4 28. Nxf4 Rxe1 29. Nxd5 R1e2 30. Qc1 Qg3 31. Nf4 Rxg2+ 0-1

[Event "4th Batumi Cup 2018"]
[Site "Batumi"]
[Date "2018.07.10"]
[Round "9"]
[White "Tereladze, Sopiko"]
[Black "Martynov, Roman"]
[Result "1/2-1/2"]
[ECO "B31"]
[WhiteElo "2169"]
[BlackElo "2366"]
[Annotator "NA"]
[PlyCount "62"]
[EventDate "2018.07.03"]
[EventType "swiss"]
[EventCountry "GEO"]
[SourceTitle "playchess.com"]
[Source "ChessBase"]
[SourceQuality "1"]
[TimeControl "40/5400+30:1800+30"]

1. e4 c5 2. Qe2 Nc6 3. d3 g6 4. Nf3 Bg7 5. Nc3 d6 6. h3 b5 7. g3 e6 8. Bg2 Nge7 9. O-O Rb8 10. Be3 b4 11. Nd1 O-O 12. Qd2 Re8 13. d4 Qb6 14. dxc5 dxc5 15. Bh6 Bh8 16. Qg5 f6 17. Qh4 Nd8 18. Ne3 Nf7 19. e5 Nf5 20. Nxf5 exf5 21. exf6 Bxf6 22. Ng5 Nxg5 23. Bxg5 Bxb2 24. Rab1 Be5 25. Rfe1 Bb7 26. Qc4+ Qe6 27. Qxc5 Bxg2 28. Kxg2 Rbc8 29. Qxb4 Qxa2 30. Qb3+ Qxb3 31. cxb3 Bd4 1/2-1/2

[Event "4th Batumi Cup 2018"]
[Site "Batumi"]
[Date "2018.07.10"]
[Round "9"]
[White "Khalaji, Hanieh"]
[Black "Sanchez, Louis"]
[Result "0-1"]
[ECO "A40"]
[WhiteElo "2146"]
[BlackElo "2290"]
[Annotator "NA"]
[PlyCount "66"]
[EventDate "2018.07.03"]
[EventType "swiss"]
[EventCountry "GEO"]
[SourceTitle "playchess.com"]
[Source "ChessBase"]
[SourceQuality "1"]
[TimeControl "40/5400+30:1800+30"]

1. d4 g6 2. Bf4 Bg7 3. e3 d6 4. Nd2 e5 5. dxe5 dxe5 6. Bg3 $11 Nd7 7. Bc4 Ne7 8. Ne4 Nf5 9. Nf3 Qe7 10. c3 O-O 11. Qc2 h5 12. h4 Nb6 13. Bd3 Bd7 14. Nfg5 Ba4 15. Qe2 Bc6 16. O-O-O Bh6 17. Bh2 Nxh4 18. Bg3 Nf5 19. Rxh5 Nxg3 20. fxg3 gxh5 21. Qxh5 Kg7 22. Nf3 Rh8 23. Qg4+ Kf8 24. Nh4 Nd5 25. Qf3 Qe6 26. Kb1 Ne7 27. Rf1 Rd8 28. Bc2 Bd5 29. b3 c6 30. Qh5 Bxe4 31. Bxe4 Bg7 32. Qg5 Rd6 33. c4 Bf6 0-1

[Event "4th Batumi Cup 2018"]
[Site "Batumi"]
[Date "2018.07.10"]
[Round "9"]
[White "Stepanyan, Eva"]
[Black "Chkhaidze, Nikoloz"]
[Result "0-1"]
[ECO "B41"]
[WhiteElo "2096"]
[BlackElo "2337"]
[Annotator "NA"]
[PlyCount "84"]
[EventDate "2018.07.03"]
[EventType "swiss"]
[EventCountry "GEO"]
[SourceTitle "playchess.com"]
[Source "ChessBase"]
[SourceQuality "1"]
[TimeControl "40/5400+30:1800+30"]

1. e4 c5 2. Nf3 e6 3. d4 cxd4 4. Nxd4 a6 5. c4 Nf6 6. Nc3 d6 7. Be2 b6 8. Bf3 Ra7 9. O-O Rc7 10. Qa4+ Nfd7 11. Be3 Be7 12. Nxe6 fxe6 13. Bxb6 O-O 14. Bxc7 Qxc7 15. Be2 Nc6 16. Rad1 Qb6 17. Qc2 Nd4 18. Qd2 Bf6 19. Kh1 Bb7 20. f3 Qc5 21. b3 Qh5 22. Qe3 e5 23. Bd3 Nc5 24. Bb1 Bg5 25. Qf2 Rf6 26. Ne2 Nxe2 27. Qxe2 Bf4 28. g4 Qe8 29. b4 Ne6 30. Rxd6 Nd4 31. Rxd4 exd4 32. c5 h5 33. Qc4+ Kh8 34. Qxd4 hxg4 35. Qd3 Bc7 36. Kg1 Qe5 37. f4 Rxf4 38. Rxf4 Qxf4 39. e5 Qc1+ 40. Kf2 Qh6 41. Ke1 Qxh2 42. e6 Bf3 0-1